 Dungeon Crawl Stone Soup version 0.32-a0-520-g344ed53f66 (webtiles) character file.

Game seed: 1446138991072188750

36 lordive the Cudgeller (level 3, 0/36 HPs)
             Began as an Oni Gladiator on Feb 28, 2024.
             Succumbed to an adder's poison
             ... on level 2 of the Dungeon.
             The game lasted 00:01:46 (669 turns).

lordive the Cudgeller (Oni Gladiator)                Turns: 669, Time: 00:01:47

Health: 0/36       AC:  4    Str: 18    XL:     3   Next: 37%
Magic:  3/3        EV: 10    Int: 11    God:
Gold:   111        SH:  0    Dex: 10    Spells: 2/2 levels left

rFire   + . .        a - +0 flail
rCold   . . .        (no shield)
rNeg    . . .        b - +0 robe
rPois   .            c - +0 hat
rElec   .            m - +0 cloak
rCorr   .            (gloves unavailable)
SInv    .            (boots unavailable)
Will    +....        (no amulet)
Stlth   +            l - ring of protection from fire
HPRegen 0.26/turn    (no ring)
MPRegen 0.08/turn

%: no passive effects
@: lethally poisoned (0 -> -4), enlightened, flying, hasted, very quick
A: large, unfitting armour, horns 1, tough skin 1, double potion healing,
drunken brawling
a: no special abilities


You were on level 2 of the Dungeon.
You visited 1 branch of the dungeon, and saw 2 of its levels.

You collected 111 gold pieces.

Inventory:

Hand Weapons
 a - a +0 flail (weapon)
Missiles
 d - 4 throwing nets (quivered)
 e - a large rock
Armour
 b - a +0 robe (worn)
 c - a +0 hat (worn)
 m - a +0 cloak (worn)
Jewellery
 l - a ring of protection from fire (left hand)
Scrolls
 g - a scroll of amnesia {unknown}
 h - a scroll of enchant weapon {unknown}
 j - a scroll of identify {unknown}
 k - a scroll of vulnerability {unknown}
 n - a scroll of teleportation {unknown}
Potions
 f - a potion of haste


   Skills:
 + Level 2.9 Fighting
 + Level 3.4 Maces & Flails
 + Level 2.3 Throwing
 + Level 3.3 Dodging


You had 2 spell levels left.
You didn't know any spells.
Your spell library was empty.

Dungeon Overview and Level Annotations

Branches:
Dungeon (2/15)

Altars:


Innate Abilities, Weirdness & Mutations

You are too large for most types of armour.
You have a pair of small horns on your head.
You have tough skin. (AC +1)
You gain doubled healing and magic from potions.
Whenever you drink a healing potion, you attack all around you.


Message History

You are more poisoned.
The adder poisons you! The adder bites you.
You barely miss the adder.
The adder is moderately wounded.
You feel sick. The adder closely misses you. x2
You sock the adder!
The adder is almost dead.
You feel sick. The adder bites you but does no damage.
You miss the adder.
The adder is almost dead.
You feel sick. The adder misses you. The adder bites you but does no damage.
You barely miss the adder. Your headbutt misses the adder.
The adder is almost dead.
You feel sick. The adder bites you.
You are more poisoned.
The adder poisons you! The adder bites you.
You are more poisoned.
The adder poisons you!
You hit the adder.
You kill the adder!
* * * LOW HITPOINT WARNING * * *
You feel very sick.
You hit the goblin.
You kill the goblin!
* * * LOW HITPOINT WARNING * * *
You feel very sick.
It was a potion of haste.
You feel yourself speed up.
* * * LOW HITPOINT WARNING * * *
You feel sick. The goblin hits you with a +0 club.
* * * LOW HITPOINT WARNING * * *
It was a potion of enlightenment.
You feel very buoyant.
You fly up into the air.
* * * LOW HITPOINT WARNING * * *
You feel sick. The goblin hits you but does no damage.
You barely miss the goblin. Your headbutt misses the goblin.
The goblin hits you with a +0 club.
* * * LOW HITPOINT WARNING * * *
You closely miss the goblin.
You die...

...#.#.~~#~~~.~'.#
###.#.#.~.~..~.~~.#...#
..#.....~##~~~.##.#...#
#.#.###.~#~~####.~#...#
#.#.....~#ß~#~~.###...#
#.#.....~####~....#...#
#.......~..~~~###.#...#
###.###.#####.###.#...#
...............@g...>.#
.....####...##.######.##
...### ##......# # ...
###.....#.# ##.
#.......# # # ##.#####.#
.#.......# ..
#...#)....#.#
....#..#.).....#


You could see a goblin.

Vanquished Creatures
  2 adders (D:2)
  5 bats
  4 goblins
  A hobgoblin (D:2)
  A jackal (D:2)
  2 kobolds (D:2)
  2 ball pythons (D:1)
  A rat (D:2)
  A spectral hobgoblin (D:2)
19 creatures vanquished.

Notes
Turn   | Place    | Note
-------+----------+-------------------------------------------
     0 | D:1      | lordive the Oni Gladiator began the quest for the Orb.
     0 | D:1      | Reached XP level 1. HP: 22/22 MP: 1/1
   298 | D:1      | Reached XP level 2. HP: 29/29 MP: 2/2
   598 | D:2      | Reached XP level 3. HP: 36/36 MP: 3/3
   615 | D:2      | Found a faded altar of an unknown god.
   668 | D:2      | HP: 1/36 [goblin/+0 club (3)]
   669 | D:2      | Succumbed to an adder's poison

Illustrated notes

Levels and vault maps discovered:
D:1:      minmay_arrival_four_circles, layout_basic, minmay_fountain_box,
          dreamdust_wishing_well, minmay_misc_feat_nine_boxes,
          serial_bayou_pond_e
D:2:      minmay_chambers_of_ones, layout_basic,
          dreamdust_ecumenical_altar_drowned_temple, minmay_pentomino_o4

Skill      XL: |  1 |
---------------+----+-----
Dodging        | 3 |  3.3
Fighting       | |  2.9
Maces & Flails | |  3.4
Throwing       | |  2.3

Action                     || total
---------------------------++-------
  Melee: Flail             ||    62
         Headbutt          ||     6
    Use: Potion            ||     2
   Stab: Sleeping          ||     1
 Armour: Robe              ||    56
  Dodge: Dodged            ||    42

Table legend: (Time is in decaauts)
 A = Elapsed time spent in this place.
 B = Non-inter-level travel time spent in this place.
 C = Inter-level travel time spent in this place.
 D = Time resting spent in this place.
 E = Time spent auto-exploring this place.
 F = Levels seen in this place.
 G = Mean time per level.
                   A        B        C        D        E       F      G
               +--------+--------+--------+--------+--------+-----+--------+
         Total |    682 |    622 |     60 |      0 |    449 |   2 |  341.0 |
       Dungeon |    682 |    622 |     60 |      0 |    449 |   2 |  341.0 |
               +--------+--------+--------+--------+--------+-----+--------+

Top non-repeatable levels by time:
     D:1: 362 daAuts
     D:2: 320 daAuts
